 Dungeon Crawl Stone Soup version 0.14-a0-1811-gdc2d5af (webtiles) character file.

9686 M4edhros the Blocker (level 11, -6/67 HPs)
             Began as an Octopode Fighter on Jan 8, 2014.
             Was an Elder of Fedhas.
             Killed by divine providence
             ... invoked by an orc priest
              (13 damage)
             ... on Level 3 of the Orcish Mines.
             The game lasted 00:40:28 (12153 turns).

M4edhros the Blocker (Octopode Fighter)            Turns: 12153, Time: 00:40:29

HP  -6/67        AC  7     Str 14      XL: 11   Next: 30%
MP  22/22        EV 12     Int 13      God: Fedhas [****..]
Gold 1265        SH  0     Dex 10      Spells:  0 memorised, 10 levels left

rFire  + . .     SeeInvis +     t - +5,+2 elf trident (protect)
rCold  . . .     Clarity  .     (no shield)
rNeg   + . .     Conserve .     i - +1 cap {SInv}
rPois  .         rCorr    .     (no amulet)
rElec  .         rRot     .     h - ring of positive energy
SustAb . .       Spirit   .     H - ring of protection from fire
rMut   .         Warding  .     (no ring)
Saprov . . .     Stasis   .     (no ring)
                                (no ring)
                                (no ring)
                                (no ring)
                                (no ring)

@: somewhat resistant to hostile enchantments, fairly stealthy
A: almost no armour, amphibious, 8 rings, constrict 8, camouflage 1, clumsy 1,
spit poison 1, weak 1, gelatinous body 1
a: Spit Poison, Evolution, Sunlight, Growth, Reproduction, Renounce Religion


You were on level 3 of the Orcish Mines.
You worshipped Fedhas.
Fedhas was greatly pleased with you.
You were near starving.

You visited 2 branches of the dungeon, and saw 13 of its levels.

You collected 1478 gold pieces.
You spent 213 gold pieces at shops.

Inventory:

Hand weapons
 r - a +2,+1 short sword of venom
 t - a +5,+2 elven trident of protection (weapon)
 M - a +1,+1 lajatang of venom
Missiles
 g - 7 javelins (quivered)
Armour
 c - a +0 shield
 i - a +1 cap of see invisible (worn)
Magical devices
 m - a wand of frost (5)
 p - a wand of fire (4)
 A - a wand of digging (6)
 J - a wand of disintegration (4)
Comestibles
 b - 2 royal jellies
 d - 9 bread rations
 j - 2 chokos
 k - 7 strawberries
 l - 3 meat rations
 o - a pear
 u - an apple
 F - a honeycomb
Scrolls
 f - 4 scrolls of teleportation
 n - 3 scrolls of remove curse
 q - 2 scrolls of immolation
 x - 2 scrolls of enchant weapon II
 y - 2 scrolls of blinking
 z - a scroll of enchant weapon I
 C - a scroll of curse jewellery
 D - a scroll of fog {unknown}
 G - a scroll of noise {unknown}
 L - a scroll of recharging {unknown}
Jewellery
 h - a ring of positive energy (left tentacle)
 H - a ring of protection from fire (right tentacle)
Potions
 e - a potion of restore abilities
 s - a potion of curing
 K - a potion of heal wounds
Books
 v - a book of Death

   Spells                             Type                      Level
   Corpse Rot                         Necromancy                   2
   Sublimation of Blood               Necromancy                   2
   Agony                              Necromancy                   5
   Dispel Undead                      Necromancy                   5
   Excruciating Wounds                Charms/Necromancy            5
   Bolt of Draining                   Conjuration/Necromancy       5
Miscellaneous
 I - a phial of floods (inert)


   Skills:
 - Level 3.0 Fighting
 - Level 2.0 Polearms
 - Level 3.0 Dodging
   Level 15.0 Shields
 + Level 8.0 Invocations


You had 10 spell levels left.
You didn't know any spells.

Dungeon Overview and Level Annotations

Branches:
Dungeon (10/16)            Temple (0/1) D:6             Orc (3/4) D:10
   Lair (0/8) D:9
    Elf: Orc:3-4

Altars:
Fedhas
Makhleb
Trog
Vehumet
Yredelemnul
Beogh

Shops:
D:4 :   D:7 (   D:8 (


Innate Abilities, Weirdness & Mutations

You cannot wear most types of armour.
You are amphibious.
You can wear up to eight rings at the same time.
You can use your tentacles to constrict many enemies at once.
Your skin changes colour to match your surroundings (Stlth).
Your rubbery body absorbs attacks (AC +1).
You are clumsy. (Dex -2)
You can spit poison.
You are weak. (Str -2)


Message History

There are monsters nearby!
There are monsters nearby!
An orc is nearby!
An orc is nearby!
An orc wizard comes into view. It is wielding an orcish dagger.
An orc comes into view.
The orc shouts!
An orc priest comes into view. It is wielding an orcish flail.
The orc shouts!
The orc priest shouts!
An orc comes into view. It is wielding an orcish trident.
The orc priest mumbles some strange prayers to Beogh against you.
Something smites you!
* * * LOW HITPOINT WARNING * * *
The orc priest calls down the wrath of Beogh upon you.
Something smites you!
* * * LOW HITPOINT WARNING * * *
The orc priest calls down the wrath of Beogh upon you.
Something smites you!
You die...
Fedhas appreciates your contribution to the ecosystem.

#..)......#
###...#..## #....#####
####..## ##.##..#
##...#..## ###
#........####.## .##
##.....f#f##...#.....#
###.#.#f@.oo.o..o....
#...............#..
......#..........##
...............#...#
#....#.......#.#.##
.#...............#
.......>.........
.....o........
..........


You could see an orc priest, 4 orcs and 3 friendly wandering mushrooms.

Vanquished Creatures
  An orc sorcerer (Orc:1)
  A komodo dragon (D:9)
  A queen bee (D:10)
  A two-headed ogre (D:10)
  An ice beast (D:10)
  6 ogres
  8 orc warriors
  2 sky beasts
  3 porcupines (D:9)
  2 phantoms
  Duvessa (D:5)
  3 centaurs
  A gnoll sergeant (D:9)
  A water moccasin (D:10)
  A manticore skeleton (D:7)
  7 killer bees (D:10)
  3 hounds
  Dowan (D:5)
  7 crimson imps
  A goliath beetle (D:10)
  6 orc priests
  A giant frog skeleton (D:7)
  A centaur skeleton (D:7)
  3 scorpions
  20 orc wizards
  5 worker ants
  2 iguanas (D:10)
  A big kobold skeleton (D:10)
  A mummy (D:10)
  2 gnolls (D:9)
  8 adders
  2 giant mites
  4 worms
  4 giant eyeballs
  3 giant geckos
  5 oozes
  66 orcs
  2 ball pythons
  20 bats
  5 giant cockroaches
  16 goblins
  11 hobgoblins
  10 jackals
  6 quokkas
  A giant gecko zombie (D:7)
  3 giant newts
  2 giant spores (Orc:3)
  A hobgoblin skeleton (D:5)
  11 kobolds
  A kobold skeleton (D:5)
  A quokka skeleton (D:9)
  20 rats
  A rat skeleton (D:8)
  A fungus (D:2)
298 creatures vanquished.

Vanquished Creatures (collateral kills)
  3 hill giants (D:10)
  2 wandering mushrooms (Orc:3)
  2 trolls (D:9)
  A manticore (D:9)
  8 orc warriors
  A sky beast (D:10)
  A necrophage (D:10)
  A porcupine (D:9)
  4 ogres
  A phantom (D:10)
  4 wargs (D:10)
  Blork the orc (D:5)
  A giant frog (D:10)
  A manticore skeleton (D:10)
  10 killer bees (D:10)
  The ghost of timbw the Firebug, a weakling LOFE (D:5)
  A goliath beetle (D:9)
  A hound (D:10)
  A crimson imp (D:5)
  14 jellies
  10 orc priests
  7 orc wizards
  3 gnolls (D:9)
  41 orcs
  2 bats
  5 goblins
  3 hobgoblins
130 creatures vanquished.

Vanquished Creatures (others)
  A wizard (D:3)
  A water elemental (D:10)
  A scorpion zombie (D:6)
  A giant spore (Orc:3)
  26 wandering mushrooms
  A plant (D:9)
  225 toadstools
256 creatures vanquished.

Grand Total: 684 creatures vanquished

Notes
Turn   | Place    | Note
--------------------------------------------------------------
     0 | D:1      | M4edhros, the Octopode Fighter, began the quest for the Orb.
     0 | D:1      | Reached XP level 1. HP: 16/16 MP: 1/1
    76 | D:1      | Reached XP level 2. HP: 21/21 MP: 2/2
   336 | D:1      | Reached skill level 4 in Shields
   706 | D:2      | Reached XP level 3. HP: 18/26 MP: 3/3
  1307 | D:2      | Found a blossoming altar of Fedhas.
  1403 | D:2      | Reached XP level 4. HP: 31/31 MP: 4/4
  1436 | D:2      | Became a worshipper of Fedhas Madash
  1614 | D:3      | Reached skill level 5 in Shields
  1800 | D:3      | Reached XP level 5. HP: 30/36 MP: 5/5
  1940 | D:3      | Acquired Fedhas' first power
  2092 | D:3      | Found a bloodstained altar of Trog.
  2092 | D:3      | Noticed a wizard
  2098 | D:3      | Killed a wizard
  2368 | D:4      | Reached skill level 6 in Shields
  2376 | D:4      | Paralysed by a potion of paralysis for 5 turns
  2390 | D:4      | Reached XP level 6. HP: 38/42 MP: 6/6
  2439 | D:4      | Acquired Fedhas' second power
  2735 | D:4      | Found Klaipn's Book Boutique.
  2780 | D:4      | Found a radiant altar of Vehumet.
  2883 | D:5      | Entered Level 5 of the Dungeon
  2894 | D:5      | Reached skill level 7 in Shields
  3184 | D:5      | Reached XP level 7. HP: 46/46 MP: 7/7
  3320 | D:5      | Noticed timbw's ghost (weakling LOFE)
  3330 | D:5      | Killed timbw's ghost
  3330 | D:5      | Reached skill level 8 in Shields
  3598 | D:5      | Noticed Blork the orc
  3609 | D:5      | Killed Blork the orc
  3883 | D:5      | Noticed Dowan
  3886 | D:5      | Noticed Duvessa
  3901 | D:5      | Killed Duvessa
  3901 | D:5      | Reached skill level 9 in Shields
  3910 | D:5      | Killed Dowan
  4051 | D:5      | Reached XP level 8. HP: 12/52 MP: 8/8
  4499 | D:6      | Reached skill level 10 in Shields
  4601 | D:6      | Found a staircase to the Ecumenical Temple.
  4849 | D:6      | Paralysed by a giant eyeball for 4 turns
  4885 | D:7      | Found a burning altar of Makhleb.
  5126 | D:7      | Identified a scroll of acquirement
  5363 | D:7      | Found Besidoef's Antique Weapon Boutique.
  5373 | D:7      | Bought a glowing spear for 83 gold pieces
  5373 | D:7      | Bought a runed elven trident for 130 gold pieces
  5388 | D:7      | Reached skill level 11 in Shields
  5622 | D:8      | Acquired Fedhas' third power
  5674 | D:8      | Reached XP level 9. HP: 54/56 MP: 9/9
  6057 | D:8      | Found Khaott's Antique Weapon Boutique.
  6261 | D:9      | Reached skill level 12 in Shields
  6593 | D:9      | Found a basalt altar of Yredelemnul.
  6657 | D:9      | Gained mutation: You are weak. (Str -2) [mutagenic meat]
  6658 | D:9      | Gained mutation: You are clumsy. (Dex -2) [mutagenic meat]
  6659 | D:9      | Gained mutation: You can spit poison. [mutagenic meat]
  6689 | D:9      | Found a staircase to the Lair.
  6690 | D:9      | Noticed a komodo dragon
  6765 | D:9      | Reached skill level 13 in Shields
  6886 | D:9      | Killed a komodo dragon
  7378 | D:9      | Reached XP level 10. HP: 58/63 MP: 7/10
  7704 | D:10     | Entered Level 10 of the Dungeon
  7752 | D:10     | Reached skill level 14 in Shields
  7945 | D:10     | HP: 2/63 [killer bee (13)]
  8431 | D:10     | Found a staircase to the Orcish Mines.
  8884 | D:10     | Noticed a hill giant
  8904 | D:10     | Killed a hill giant
  8904 | D:10     | Reached skill level 15 in Shields
  8986 | D:10     | Reached skill level 1 in Invocations
  9073 | D:10     | Noticed a hill giant
  9116 | D:10     | Killed a hill giant
  9347 | D:10     | HP: 1/63 [ogre/giant club (21)]
  9557 | D:10     | Noticed a hill giant
  9567 | D:10     | Killed a hill giant
  9567 | D:10     | Reached skill level 5 in Invocations
  9567 | D:10     | Reached XP level 11. HP: 47/67 MP: 20/20
  9888 | Orc:1    | Entered Level 1 of the Orcish Mines
 10217 | Orc:1    | Acquired Fedhas' fourth power
 11583 | Orc:3    | Acquired Fedhas' fifth power
 11953 | Orc:3    | Found a roughly hewn altar of Beogh.
 12153 | Orc:3    | Killed from afar by an orc priest

Action                   |  1- 3 |  4- 6 |  7- 9 | 10-12 || total
-------------------------+-------+-------+-------+-------++-------
Melee: Trident           |    95 |    18 |   329 |   385 ||   827
       Short sword       |       |   116 |       |       ||   116
Invok: Evolution         |       |     1 |    13 |    18 ||    32
       Sunlight          |       |       |     4 |     3 ||     7
       Reproduction      |       |       |       |     1 ||     1
Evoke: Wand              |       |       |    15 |     9 ||    24
       phial of floods   |       |       |       |     1 ||     1
  Use: Potion            |       |     9 |     4 |     6 ||    19
       Scroll            |       |       |    11 |     6 ||    17
 Stab: Sleeping          |     4 |     1 |     5 |     2 ||    12
       Confused          |       |       |     4 |     3 ||     7
       Distracted        |       |       |     1 |     2 ||     3
